 Dungeon Crawl Stone Soup version 0.29.1-14-g9c671dbff4 (webtiles) character file.

Game seed: 16130605338639895845

4751 KittyFluff the Basher (level 10, -3/91 HPs)
             Began as a Gargoyle Berserker on Feb 14, 2023.
             Was an Elder of Trog.
             Slain by a two-headed ogre
             ... wielding a +0 giant spiked club
              (15 damage)
             ... on level 8 of the Dungeon on Feb 15, 2023.
             The game lasted 00:38:05 (8834 turns).

KittyFluff the Basher (Gargoyle Berserker)          Turns: 8834, Time: 00:38:05

Health: -3/91      AC: 16    Str: 21    XL:     10   Next: 46%
Magic:  10/10      EV: 14    Int:  8    God:    Trog [****..]
Gold:   663        SH: 11    Dex: 19    Spells: 9/9 levels left

rFire   + + .      SeeInvis .   m - +2 flail (holy)
rCold   + . .      Faith    .   n - +0 buckler
rNeg    + . .      Spirit   .   u - +2 robe {rF+}
rPois   ∞          Reflect  +   H - +0 helmet
rElec   +          Harm     .   J - scarf {rC+ rF+}
rCorr   .          Rampage  .   (no gloves)
Will    .....                   O - +2 pair of boots
Stlth   ..........              T - amulet of reflection
HPRegen 0.25/turn               k - ring of flight
MPRegen 0.12/turn               R - +6 ring of dexterity

@: berserking, flying, very quick
A: sickness immunity, AC +7, negative energy resistance 1, electricity
resistance, torment resistance 1, petrification resistance
a: Renounce Religion, Berserk, Trog's Hand, Brothers in Arms


You were on level 8 of the Dungeon.
You worshipped Trog.
Trog was greatly pleased with you.
You visited 1 branch of the dungeon, and saw 8 of its levels.
You also visited: Ossuary.

You collected 663 gold pieces.

Inventory:

Hand Weapons
 a - a +0 mace
 d - a +0 morningstar
 m - a +2 flail of holy wrath (weapon)
 G - a +0 sling
Missiles
 c - 19 stones (quivered)
 e - 8 boomerangs
 q - 2 javelins
 M - 3 silver boomerangs
 N - 2 atropa-tipped darts
 P - 8 poisoned darts
Armour
 g - a +0 ring mail
 j - a +0 leather armour
 n - a +0 buckler (worn)
 u - a +2 robe of fire resistance (worn)
 w - a +0 cloak
 H - a +0 helmet (worn)
 J - a scarf of resistance (worn)
 O - a +2 pair of boots (worn)
Jewellery
 k - a ring of flight (left hand)
 I - an amulet of guardian spirit
 R - a +6 ring of dexterity (right hand)
 S - a ring of protection from cold
 T - an amulet of reflection (around neck)
Wands
 t - a wand of flame (17)
Scrolls
 b - 3 scrolls of enchant weapon
 f - a scroll of magic mapping
 h - 3 scrolls of teleportation
 l - a scroll of immolation {unknown}
 o - 3 scrolls of silence
 r - 2 scrolls of blinking
 y - 3 scrolls of brand weapon
 L - 2 scrolls of fear
Potions
 i - 3 potions of heal wounds
 p - 3 potions of mutation
 s - 3 potions of flight
 z - a potion of cancellation {unknown}
 A - a potion of attraction {unknown}
 B - 3 potions of lignification {unknown}
 C - 3 potions of might {unknown}
 D - 3 potions of curing {unknown}
 E - 3 potions of degeneration {unknown}
 K - 2 potions of haste {unknown}


   Skills:
 + Level 6.7 Fighting
 + Level 10.0 Maces & Flails
 + Level 0.9 Throwing
 * Level 7.6 Armour
 + Level 4.9 Dodging
 + Level 4.1 Stealth
 * Level 4.4 Shields


You had 9 spell levels left.
You didn't know any spells.
Your spell library was empty.

Dungeon Overview and Level Annotations

Branches:
Dungeon (8/15)             Temple (0/1) D:6         Ossuary (visited)
   Lair: D:8-11

Altars:
Dithmenos
Hepliaklqana
Qazlal
Trog
Xom
Zin

Shops:
D:4 !   D:5 ?


Innate Abilities, Weirdness & Mutations

You are immune to sickness and miasma.
Your stone body is resilient. (AC +7)
You are immune to poison.
You resist negative energy. (rN+)
You are resistant to electric shocks. (rElec)
You are resistant to unholy torment.
You are immune to petrification.


Message History

Throw: 21 stones
Press: ? - help, Q - select action, (/) - cycle Shift-Dir - straight line, f/p - two-headed ogre
Aim: a two-headed ogre, wielding two +0 giant spiked clubs (lightly wounded, 77% to hit)
You throw a stone.
The stone hits the two-headed ogre but does no damage.
The two-headed ogre is lightly wounded.
Throw: 20 stones
Press: ? - help, Q - select action, (/) - cycle Shift-Dir - straight line, f/p - two-headed ogre
Aim: a two-headed ogre, wielding two +0 giant spiked clubs (lightly wounded, 77% to hit)
You throw a stone.
The stone hits the two-headed ogre but does no damage.
The two-headed ogre is lightly wounded.
You hit the two-headed ogre but do no damage.
The two-headed ogre is lightly wounded.
The two-headed ogre hits you with a +0 giant spiked club!
You block the two-headed ogre's attack.
You thump the two-headed ogre!
The two-headed ogre is moderately wounded.
You block the two-headed ogre's attack. x2
You barely miss the two-headed ogre.
The two-headed ogre is moderately wounded.
You hit the two-headed ogre.
The two-headed ogre is moderately wounded.
The two-headed ogre hits you with a +0 giant spiked club!!
Ouch! That really hurt!
* * * LOW HITPOINT WARNING * * *
The two-headed ogre hits you with a +0 giant spiked club.
* * * LOW HITPOINT WARNING * * *
A red film seems to cover your vision as you go berserk!
You feel yourself moving faster!
You feel mighty! The two-headed ogre closely misses you.
You block the two-headed ogre's attack.
A wyvern comes into view.
You completely miss the two-headed ogre.
The two-headed ogre is moderately wounded.
You sock the two-headed ogre!
The two-headed ogre is heavily wounded.
You hit the two-headed ogre.
The two-headed ogre is heavily wounded.
The two-headed ogre hits you with a +0 giant spiked club!
You die...

#############
##...........######
..................###
........[..l........###
...#########...O@.....##
.###...o ####........##
......./ ###.......##
.....)$8 #........#
#......$ #........#
###...g ##.....#.# ####
#....##.# #..###..#
#####..##


You could see a two-headed ogre and a wyvern.

Vanquished Creatures
  Grinder (D:3)
  Prince Ribbit (D:4)
  Sigmund (D:6)
  A wyvern (D:7)
  7 yaks
  Eustachio (D:6)
  A vampire mosquito (D:6)
  A water moccasin (D:7)
  2 sky beasts
  3 black bears (D:7)
  An orc warrior (D:6)
  3 ogres
  A centaur (D:6)
  A phantom (D:6)
  6 bullfrogs
  A kobold brigand (D:8)
  4 scorpions
  5 necrophages
  5 wights (D:7)
  A howler monkey (D:4)
  A jelly (D:6)
  2 hounds (D:6)
  An orc priest (D:3)
  2 iguanas
  8 mummies (Ossuary)
  Robin (D:3)
  3 gnolls (D:2)
  6 adders
  An ufetubus (D:6)
  A worm (D:3)
  4 dart slugs
  12 orcs
  6 endoplasms
  A giant cockroach (D:2)
  A gnoll zombie (Ossuary)
  12 hobgoblins
  4 jackals (D:3)
  3 quokkas
  4 ball pythons
  3 bats
  15 frilled lizards
  10 goblins
  3 hobgoblin zombies (Ossuary)
  13 kobolds
  3 kobold zombies (Ossuary)
  An orc zombie (Ossuary)
  7 rats
175 creatures vanquished.

Vanquished Creatures (others)
  11 plants (D:1)
11 creatures vanquished.

Grand Total: 186 creatures vanquished

Notes
Turn   | Place    | Note
-------+----------+-------------------------------------------
     0 | D:1      | KittyFluff the Gargoyle Berserker began the quest for the
                  | Orb.
     0 | D:1      | Reached XP level 1. HP: 14/14 MP: 1/1
   415 | D:1      | Reached XP level 2. HP: 18/19 MP: 2/2
  1009 | D:2      | Reached XP level 3. HP: 8/24 MP: 3/3
  1476 | D:2      | Reached ** piety under Trog
  1482 | D:2      | Reached XP level 4. HP: 10/29 MP: 4/4
  2189 | D:3      | Reached skill level 1 in Stealth
  2208 | D:3      | You are sucked into a shaft and drop 3 floors!
  2219 | D:6      | Noticed a bullfrog
  2229 | D:6      | Killed a bullfrog
  2230 | D:6      | Reached skill level 4 in Maces & Flails
  2230 | D:6      | Reached XP level 5. HP: 33/33 MP: 5/5
  2284 | D:6      | Noticed Eustachio
  2346 | D:6      | Noticed Sigmund
  2346 | D:6      | Noticed a sky beast
  2370 | D:6      | Killed Sigmund
  2371 | D:6      | Reached skill level 5 in Maces & Flails
  2371 | D:6      | Reached XP level 6. HP: 24/38 MP: 6/6
  2594 | D:6      | Killed a sky beast
  2637 | D:6      | Noticed an orc warrior
  2647 | D:6      | Killed an orc warrior
  2648 | D:6      | Reached XP level 7. HP: 21/44 MP: 7/7
  2921 | D:5      | Entered Level 5 of the Dungeon
  2924 | D:5      | Noticed Prince Ribbit
  2937 | D:4      | Killed Prince Ribbit
  2938 | D:4      | Reached skill level 6 in Maces & Flails
  2944 | D:4      | Reached skill level 1 in Shields
  2954 | D:4      | Reached skill level 5 in Armour
  3046 | D:4      | Found a sand-covered staircase.
  3106 | Ossuary  | Entered an ossuary
  3175 | Ossuary  | Reached XP level 8. HP: 19/48 MP: 8/8
  4105 | D:4      | Found Xoviont's Distillery.
  4457 | D:3      | Noticed Robin
  4458 | D:3      | Reached *** piety under Trog
  4486 | D:3      | Reached skill level 5 in Fighting
  4498 | D:3      | Killed Robin
  4587 | D:3      | Noticed Grinder
  4601 | D:3      | Paralysed by Grinder for 2 turns
  4605 | D:3      | Killed Grinder
  4606 | D:3      | Reached skill level 7 in Maces & Flails
  4899 | D:3      | Found a faded altar of an unknown god.
  5448 | D:4      | Found a stormy altar of Qazlal.
  5561 | D:5      | Found Xapheq's Magic Scroll Shop.
  5712 | D:5      | Reached XP level 9. HP: 11/54 MP: 9/9
  6168 | D:5      | Reached skill level 8 in Maces & Flails
  6318 | D:5      | Found a shimmering altar of Xom.
  6322 | D:5      | Found a shadowy altar of Dithmenos.
  6352 | D:5      | Found a glowing silver altar of Zin.
  6498 | D:6      | Found a staircase to the Ecumenical Temple.
  6687 | D:6      | Reached **** piety under Trog
  6692 | D:6      | Killed Eustachio
  7438 | D:7      | Found a hazy altar of Hepliaklqana.
  7598 | D:7      | Reached skill level 9 in Maces & Flails
  7832 | D:7      | Reached XP level 10. HP: 54/61 MP: 10/10
  8116 | D:8      | Found a bloodstained altar of Trog.
  8702 | D:8      | Reached skill level 10 in Maces & Flails
  8804 | D:8      | Noticed a two-headed ogre
  8834 | D:8      | Slain by a two-headed ogre

Illustrated notes

Levels and vault maps discovered:
D:1:      tarquinn_simple_flora_water_a, layout_rooms,
          nicolae_concentric_dashed_squares_wild, minmay_lizard_king
D:2:      layout_loops_ring
D:3:      cheibrodos_pilgrimage, layout_loops_ring,
          hellmonk_ecumenical_altar_inner_sanctum, uniq_grinder, uniq_robin
D:4:      layout_gridville, lemuel_coloured_pillars_altar, enter_ossuary_5,
          serial_shops, nicolae_shop_statue_plus
D:5:      layout_basic, nicolae_overflow_hidden_temple, serial_shops,
          nicolae_diamond_shop, uniq_prince_ribbit1
D:6:      layout_basic, minmay_temple_entry_metal_lava, minmay_small_thing,
          uniq_eustachio, uniq_sigmund
D:7:      layout_cave_pods, nicolae_overflow_crystal_walls,
          minmay_misc_feat_encased, amcnicky_mini_pool_small
D:8:      kennysheep_spiral_hall, layout_rooms, kennysheep_mini_moat,
          trog_ov_bears_minmay

Skill      XL: |  1  2  3  4  5  6  7  8  9 10 |
---------------+-------------------------------+-----
Armour         | 3 4 5 7 |  7.6
Stealth        | 1 2 3 4 |  4.1
Maces & Flails | 4 5 6 7 9 10 | 10.0
Dodging        | 2 3 4 |  4.9
Fighting       | 4 5 6 |  6.7
Shields        | 1 2 4 |  4.4
Throwing       | |  0.9

Action                   |  1- 3 |  4- 6 |  7- 9 | 10-12 || total
-------------------------+-------+-------+-------+-------++-------
Melee: Mace              |   109 |       |       |       ||   109
       Flail             |       |    62 |   341 |   103 ||   506
Throw: Stone             |       |     1 |    21 |    24 ||    46
Invok: Berserk           |       |     1 |     1 |     1 ||     3
  Use: Scroll            |       |     1 |    10 |     4 ||    15
 Stab: Sleeping          |       |       |     3 |       ||     3
Armor: Animal skin       |    22 |       |       |       ||    22
       Leather armour    |    29 |    13 |       |       ||    42
       Robe              |       |     9 |   124 |    51 ||   184
Dodge: Dodged            |    72 |    36 |   167 |    63 ||   338
Block: Buckler           |       |     5 |    56 |    76 ||   137
       Reflection        |       |       |       |     1 ||     1
